Vancouver Canucks vs Edmonton Oilers

Created - mercredi, 29 avril 2026 at 19:00

Goals
1 2 3 T
Vancouver Canucks 0 1 1 2
Edmonton Oilers 1 1 1 3
Shots
1 2 3 T
Vancouver Canucks 12 10 9 31
Edmonton Oilers 12 16 10 38

1st period

1. Edmonton Oilers , Gabriel Vilardi 6 (Zach Werenski 5, Ryan Nugent-Hopkins 8) at 7:42

Penalties :
Oliver Ekman-Larsson (VAN) for Hooking (Minor) at 7:45

2nd period

2. Edmonton Oilers , Tom Wilson 2 (Connor McDavid 5) at 0:32
3. Vancouver Canucks , Casey Mittelstadt 3 (Bo Horvat 3, Matthew Knies 2) at 11:39

Penalties :
Chris Tanev (VAN) for Roughing (Minor) at 3:29, Chris Tanev (VAN) for Holding (Minor) at 19:53

3rd period

4. Edmonton Oilers , Ryan Nugent-Hopkins 1 (John Carlson 2, Dmitry Kulikov 1) at 4:54
5. Vancouver Canucks , Pius Suter 3 (Vasily Podkolzin 1) at 12:47

Penalties :
No Penalty

Goalie Stats

Jacob Markstrom (VAN), 35 saves from 38 shots - (0.921), L, 1-3-1, 59:16 minutes
Andrei Vasilevskiy (EDM), 29 saves from 31 shots - (0.935), W, 3-0-1, 60:00 minutes

Players Stats for Vancouver Canucks

Player Name              G  A  P  +/- PIM S  H  SB GA TA FO     MP     PP MP  PK MP  
------------------------------------------------------------------------------------
Bo Horvat                0  1  1   1  0   3  0  0  0  0  13/26  18:31   0:00   3:11 
Brock Boeser             0  0  0  -1  0   4  0  1  0  0  0/0    17:04   0:00   0:30 
Cale Makar               0  0  0  -2  0   3  0  2  0  0  0/0    24:09   0:00   3:43 
Casey Mittelstadt        1  0  1   1  0   3  0  0  0  0  0/0    15:42   0:00   0:30 
Chris Tanev              0  0  0  -2  4   0  3  0  0  0  0/0    20:31   0:00   0:50 
David Kampf              0  0  0  -1  0   1  0  0  0  0  6/17   12:16   0:00   2:32 
Elias Pettersson         0  0  0  -1  0   5  2  0  0  0  0/1    17:04   0:00   0:30 
Erik Brannstrom          0  0  0   1  0   2  1  1  0  0  0/0    18:37   0:00   1:24 
Mason Appleton           0  0  0  -1  0   1  0  0  0  0  0/0    10:43   0:00   0:59 
Matthew Knies            0  1  1   1  0   1  1  0  0  0  1/3    15:12   0:00   0:00 
Nate Schmidt             0  0  0   0  0   0  2  1  0  0  0/0    17:59   0:00   1:09 
Oliver Ekman-Larsson     0  0  0   0  2   1  2  2  0  0  0/0    18:11   0:00   1:58 
Phillip Di Giuseppe      0  0  0  -1  0   0  2  0  0  0  0/1     9:44   0:00   0:00 
Pius Suter               1  0  1   0  0   6  0  0  0  0  0/0    14:59   0:00   2:10 
Thomas Novak             0  0  0   0  0   1  0  0  0  0  5/15   12:33   0:00   0:00 
Travis Hamonic           0  0  0   1  0   0  1  0  0  0  0/0    19:06   0:00   1:50 
Vasily Podkolzin         0  1  1   0  0   0  4  0  0  0  0/0    12:33   0:00   0:00 
Wyatt Johnston           0  0  0  -1  0   0  0  0  0  0  18/28  19:06   0:00   2:32 

Players Stats for Edmonton Oilers

Player Name              G  A  P  +/- PIM S  H  SB GA TA FO     MP     PP MP  PK MP  
------------------------------------------------------------------------------------
Alexander Kerfoot        0  0  0   0  0   1  0  0  0  0  3/7     9:12   0:00   0:00 
Brayden Point            0  0  0   1  0   5  0  0  0  0  0/0    20:37   3:23   0:00 
Cody Ceci                0  0  0   0  0   1  1  0  0  0  0/0    16:18   0:00   0:00 
Connor McDavid           0  1  1   1  0   6  0  0  0  0  15/28  21:53   3:23   0:00 
Craig Smith              0  0  0   0  0   4  1  0  0  0  0/0     9:12   0:00   0:00 
Dmitry Kulikov           0  1  1   2  0   1  0  0  0  0  0/0    14:21   0:00   0:00 
Evan Bouchard            0  0  0  -2  0   0  0  4  0  0  0/0    21:15   3:34   0:00 
Gabriel Vilardi          1  0  1   1  0   6  0  0  0  0  16/28  16:56   2:34   0:00 
Joel Armia               0  0  0  -1  0   1  0  0  0  0  0/1    12:24   0:00   0:00 
John Carlson             0  1  1   3  0   1  0  0  0  0  0/0    22:50   2:23   0:00 
Jordan Eberle            0  0  0   0  0   0  0  0  0  0  1/2    11:21   2:34   0:00 
Marcus Foligno           0  0  0  -1  0   1  3  0  0  0  0/0    12:24   0:00   0:00 
Nick Foligno             0  0  0   1  0   1  1  0  0  0  2/3    14:22   0:00   0:00 
Ryan McLeod              0  0  0  -1  0   0  0  0  0  0  10/18  12:42   0:18   0:00 
Ryan Nugent-Hopkins      1  1  2   1  0   3  0  0  0  0  1/2    18:18   3:05   0:00 
Ryan Pulock              0  0  0  -2  0   0  2  1  0  0  0/0    18:50   2:23   0:00 
Tom Wilson               1  0  1   1  0   5  2  0  0  0  0/2    20:39   2:34   0:00 
Zach Werenski            0  1  1   1  0   2  2  4  0  0  0/0    26:26   3:34   0:00 

3 Stars

1 - Ryan Nugent-Hopkins (EDM)
2 - Tom Wilson (EDM)
3 - John Carlson (EDM)

Power Play

Vancouver Canucks - 0 on 0 Attempt(s) - 0.00%
Edmonton Oilers - 0 on 3 Attempt(s) - 0.00%

Penalty Kill

Vancouver Canucks - 3 on 3 Attempt(s) - 100.00% - Score 0 goal in Penalty Kill
Edmonton Oilers - 0 on 0 Attempt(s) - 0.00% - Score 0 goal in Penalty Kill

Team Stat

Vancouver Canucks - Hits : 18 - Faceoff Wins : 43 - Blocked Shots : 7 - Penalty Minutes : 6
Edmonton Oilers - Hits : 12 - Faceoff Wins : 48 - Blocked Shots : 9 - Penalty Minutes : 0

Official

Referees : Francis Charron and Ghislain Hebert
Linesman : Ryan Daisy and Matt MacPherson

Game Notes

No Game Note

Finance

Level 1 -- Attendance: 9750 (91.98%) -- Ticket Income $ 1 170 000
Level 2 -- Attendance: 1921 (87.32%) -- Ticket Income $ 192 100
Level 3 -- Attendance: 3110 (84.05%) -- Ticket Income $ 223 920
Level 4 -- Attendance: 1205 (83.10%) -- Ticket Income $ 53 020
Luxury Box -- Attendance: 50 (100.00%) -- Ticket Income $ 12 500
Game was played at the Rogers Place.
Total Attendance: 16036 (89.09%)
Total Ticket Income: $ 1 651 540
Total Income: $ 1 651 540

Vancouver Canucks

5 vs 5 Forward 
   Center                   Left Wing                Right Wing               Time % Phy DF OF 
 1 Wyatt Johnston           Elias Pettersson         Brock Boeser             30     0   1  4  
 2 Bo Horvat                Matthew Knies            Casey Mittelstadt        27     1   1  3  
 3 Thomas Novak             Pius Suter               Vasily Podkolzin         24     1   2  2  
 4 David Kampf              Phillip Di Giuseppe      Mason Appleton           19     1   2  2  

5 vs 5 Defense 
   Defense                  Defense                                           Time % Phy DF OF 
 1 Cale Makar               Chris Tanev                                       42     0   2  3  
 2 Oliver Ekman-Larsson     Nate Schmidt                                      36     0   2  3  
 3 Erik Brannstrom          Travis Hamonic                                    22     1   2  2  
 4 Cale Makar               Chris Tanev                                       0      1   2  2  

PowerPlay Forward 
   Center                   Left Wing                Right Wing               Time % Phy DF OF 
 1 Wyatt Johnston           Matthew Knies            Brock Boeser             60     0   0  5  
 2 Bo Horvat                Casey Mittelstadt        Pius Suter               40     0   1  4  

PowerPlay Defense
   Defense                  Defense                                           Time % Phy DF OF 
 1 Elias Pettersson         Cale Makar                                        60     0   0  5  
 2 Oliver Ekman-Larsson     Nate Schmidt                                      40     0   1  4  

Penalty Kill 4 Players Forward 
   Center                   Wing                     Time % Phy DF OF 
 1 Bo Horvat                Pius Suter               55     0   1  4  
 2 David Kampf              Wyatt Johnston           45     0   4  1  

Penalty Kill 4 Players Defense
   Defense                  Defense                  Time % Phy DF OF 
 1 Cale Makar               Chris Tanev              55     1   4  0  
 2 Erik Brannstrom          Travis Hamonic           45     1   4  0  

Penalty Kill - 3 Players Forward 
   Forward                                           Time % Phy DF OF 
 1 Bo Horvat                                         55     0   5  0  
 2 Wyatt Johnston                                    45     0   5  0  

Penalty Kill - 3 Players Defense
   Defense                  Defense                  Time % Phy DF OF 
 1 Cale Makar               Chris Tanev              55     1   4  0  
 2 Erik Brannstrom          Travis Hamonic           45     1   4  0  

4 vs 4 Forward 
   Center                   Wing                     Time % Phy DF OF 
 1 Bo Horvat                Brock Boeser             50     0   2  3  
 2 Wyatt Johnston           Elias Pettersson         50     0   2  3  

4 vs 4 Defense
   Defense                  Defense                  Time % Phy DF OF 
 1 Cale Makar               Chris Tanev              50     0   3  2  
 2 Oliver Ekman-Larsson     Nate Schmidt             50     0   3  2  

Last Minutes Offensive
   Center                   Left Wing                Right Wing               Defense                  Defense                  
   Wyatt Johnston           Matthew Knies            Brock Boeser             Cale Makar               Chris Tanev              

Last Minutes Defensive
   Center                   Left Wing                Right Wing               Defense                  Defense                  
   Bo Horvat                Pius Suter               David Kampf              Oliver Ekman-Larsson     Nate Schmidt             

Goaltenders
Starting : Jacob Markstrom          
Backup : Spencer Martin           

Extra Forwards
Normal : Elias Pettersson, Matthew Knies, Brock Boeser - PP : Elias Pettersson, Matthew Knies - PK : Mason Appleton
Extra Defensemen
Normal : Cale Makar, Chris Tanev, Oliver Ekman-Larsson - PP : Cale Makar - PK : Oliver Ekman-Larsson, Cale Makar
Penalty Shots
Wyatt Johnston, Cale Makar, Brock Boeser, Bo Horvat, Matthew Knies
Custom OT Lines Forwards
Brock Boeser, Wyatt Johnston, Bo Horvat, Matthew Knies, Elias Pettersson, Casey Mittelstadt, Thomas Novak, Pius Suter, Vasily Podkolzin, Mason Appleton
Custom OT Lines Defensemen
Cale Makar, Chris Tanev, Oliver Ekman-Larsson, Nate Schmidt, Travis Hamonic

Scratches
Quinn Hughes (Broken Bone (Right Ankle) Injury), Jonah Gadjovich (Healthy)

Edmonton Oilers

5 vs 5 Forward 
   Center                   Left Wing                Right Wing               Time % Phy DF OF 
 1 Connor McDavid           Tom Wilson               Brayden Point            33     1   1  3  
 2 Gabriel Vilardi          Ryan Nugent-Hopkins      Nick Foligno             26     1   2  2  
 3 Ryan McLeod              Joel Armia               Marcus Foligno           24     2   3  0  
 4 Alexander Kerfoot        Craig Smith              Jordan Eberle            17     1   2  2  

5 vs 5 Defense 
   Defense                  Defense                                           Time % Phy DF OF 
 1 Zach Werenski            Cody Ceci                                         30     0   4  1  
 2 Dmitry Kulikov           John Carlson                                      28     0   4  1  
 3 Evan Bouchard            Ryan Pulock                                       28     0   4  1  
 4 Zach Werenski            John Carlson                                      14     0   3  2  

PowerPlay Forward 
   Center                   Left Wing                Right Wing               Time % Phy DF OF 
 1 Connor McDavid           Ryan Nugent-Hopkins      Brayden Point            60     0   0  5  
 2 Gabriel Vilardi          Tom Wilson               Jordan Eberle            40     0   0  5  

PowerPlay Defense
   Defense                  Defense                                           Time % Phy DF OF 
 1 Zach Werenski            Evan Bouchard                                     60     0   0  5  
 2 Ryan Pulock              John Carlson                                      40     0   1  4  

Penalty Kill 4 Players Forward 
   Center                   Wing                     Time % Phy DF OF 
 1 Ryan McLeod              Joel Armia               55     0   5  0  
 2 Alexander Kerfoot        Nick Foligno             45     0   5  0  

Penalty Kill 4 Players Defense
   Defense                  Defense                  Time % Phy DF OF 
 1 Ryan Pulock              John Carlson             50     0   5  0  
 2 Dmitry Kulikov           Cody Ceci                50     0   5  0  

Penalty Kill - 3 Players Forward 
   Forward                                           Time % Phy DF OF 
 1 Ryan McLeod                                       50     0   5  0  
 2 Alexander Kerfoot                                 50     0   5  0  

Penalty Kill - 3 Players Defense
   Defense                  Defense                  Time % Phy DF OF 
 1 Ryan Pulock              John Carlson             50     1   4  0  
 2 Dmitry Kulikov           Cody Ceci                50     1   4  0  

4 vs 4 Forward 
   Center                   Wing                     Time % Phy DF OF 
 1 Connor McDavid           Brayden Point            50     0   1  4  
 2 Gabriel Vilardi          Ryan Nugent-Hopkins      50     1   2  2  

4 vs 4 Defense
   Defense                  Defense                  Time % Phy DF OF 
 1 Zach Werenski            Cody Ceci                55     0   4  1  
 2 Evan Bouchard            John Carlson             45     0   4  1  

Last Minutes Offensive
   Center                   Left Wing                Right Wing               Defense                  Defense                  
   Connor McDavid           Tom Wilson               Brayden Point            Zach Werenski            Evan Bouchard            

Last Minutes Defensive
   Center                   Left Wing                Right Wing               Defense                  Defense                  
   Ryan Nugent-Hopkins      Tom Wilson               Nick Foligno             Zach Werenski            John Carlson             

Goaltenders
Starting : Andrei Vasilevskiy       
Backup : Joel Hofer               

Extra Forwards
Normal : Connor McDavid, Tom Wilson, Ryan McLeod - PP : Ryan McLeod, Nick Foligno - PK : Connor McDavid
Extra Defensemen
Normal : Zach Werenski, John Carlson, Evan Bouchard - PP : Cody Ceci - PK : Zach Werenski, Evan Bouchard
Penalty Shots
Brayden Point, Connor McDavid, Gabriel Vilardi, Jordan Eberle, Tom Wilson
Custom OT Lines Forwards
Connor McDavid, Brayden Point, Ryan Nugent-Hopkins, Tom Wilson, Ryan McLeod, Nick Foligno, Alexander Kerfoot, Jordan Eberle, Joel Armia, 
Custom OT Lines Defensemen
Zach Werenski, John Carlson, Evan Bouchard, Cody Ceci, Ryan Pulock

Scratches
Calvin Pickard (Healthy)

% Time on Ice - Vancouver Canucks

Lines # - Real PCT - Wanted PCT - Time Play
Normal Forward
1 - 31% - 30% - 16:34
2 - 27% - 27% - 14:21
3 - 24% - 24% - 12:33
4 - 18% - 19% - 9:44
Normal Defense
1 - 37% - 42% - 19:55
2 - 30% - 36% - 16:04
3 - 32% - 22% - 17:13
4 - 0% - 0% - 0:00
PP Forward
1 - 0% - 60%
2 - 0% - 40%
PP Defense
1 - 0% - 60%
2 - 0% - 40%
PK Forward
1 - 57% - 55% - 3:25
2 - 43% - 45% - 2:32
PK Defense
1 - 79% - 55% - 4:43
2 - 21% - 45% - 1:14
PK3 Forward
1 - 0% - 55%
2 - 0% - 45%
PK3 Defense
1 - 0% - 55%
2 - 0% - 45%
44 Forward
1 - 0% - 50%
2 - 0% - 50%
44 Defense
1 - 0% - 50%
2 - 0% - 50%
Last Minute Offensive  - 0:51
Last Minute Defensive  - 0:00
Total
Forward - 60:00
Defense - 60:00

% Time on Ice - Edmonton Oilers

Lines # - Real PCT - Wanted PCT - Time Play
Normal Forward
1 - 32% - 33% - 17:14
2 - 27% - 26% - 14:22
3 - 23% - 24% - 12:24
4 - 17% - 17% - 9:12
Normal Defense
1 - 30% - 30% - 15:55
2 - 27% - 28% - 14:21
3 - 32% - 28% - 16:50
4 - 11% - 14% - 6:06
PP Forward
1 - 57% - 60% - 3:23
2 - 43% - 40% - 2:34
PP Defense
1 - 60% - 60% - 3:34
2 - 40% - 40% - 2:23
PK Forward
1 - 0% - 55%
2 - 0% - 45%
PK Defense
1 - 0% - 50%
2 - 0% - 50%
PK3 Forward
1 - 0% - 50%
2 - 0% - 50%
PK3 Defense
1 - 0% - 50%
2 - 0% - 50%
44 Forward
1 - 0% - 50%
2 - 0% - 50%
44 Defense
1 - 0% - 55%
2 - 0% - 45%
Last Minute Offensive  - 0:00
Last Minute Defensive  - 0:51
Total
Forward - 60:00
Defense - 60:00

Play-by-Play

1st period


0:01 of 1st period - Connor McDavid wins face-off versus Wyatt Johnston in neutral zone.
0:16 of 1st period - Shot by Cale Makar.
0:16 of 1st period - Shot Blocked by Zach Werenski.
0:31 of 1st period - Icing by Cale Makar.
0:32 of 1st period - Wyatt Johnston wins face-off versus Gabriel Vilardi in Vancouver Canucks zone.
0:34 of 1st period - Icing by Cale Makar.
0:35 of 1st period - Wyatt Johnston wins face-off versus Ryan McLeod in Vancouver Canucks zone.
0:35 of 1st period - Wyatt Johnston is hit by Marcus Foligno.
0:49 of 1st period - Shot by Elias Pettersson.
0:49 of 1st period - Stopped by Andrei Vasilevskiy without a rebound.
0:50 of 1st period - Bo Horvat wins face-off versus Gabriel Vilardi in Edmonton Oilers zone.
1:20 of 1st period - Shot by Ryan Nugent-Hopkins.
1:20 of 1st period - Shot Misses the Net.
1:43 of 1st period - Shot by Craig Smith.
1:43 of 1st period - Stopped by Jacob Markstrom without a rebound.
1:44 of 1st period - Ryan McLeod wins face-off versus Thomas Novak in Vancouver Canucks zone.
2:03 of 1st period - Shot by Joel Armia.
2:03 of 1st period - Stopped by Jacob Markstrom without a rebound.
2:04 of 1st period - Connor McDavid wins face-off versus David Kampf in Vancouver Canucks zone.
2:40 of 1st period - Shot by Brayden Point.
2:40 of 1st period - Shot Misses the Net.
2:42 of 1st period - Shot by Tom Wilson.
2:42 of 1st period - Shot Misses the Net.
2:56 of 1st period - Off-side.
2:57 of 1st period - Ryan McLeod wins face-off versus Thomas Novak in neutral zone.
3:24 of 1st period - Shot by Pius Suter.
3:24 of 1st period - Shot Misses the Net.
3:26 of 1st period - Shot by Erik Brannstrom.
3:26 of 1st period - Stopped by Andrei Vasilevskiy without a rebound.
3:27 of 1st period - Wyatt Johnston wins face-off versus Gabriel Vilardi in Edmonton Oilers zone.
3:29 of 1st period - Elias Pettersson is hit by Cody Ceci and loses puck.
3:48 of 1st period - Shot by Elias Pettersson.
3:48 of 1st period - Shot Misses the Net.
4:31 of 1st period - Shot by Matthew Knies.
4:31 of 1st period - Stopped by Andrei Vasilevskiy without a rebound.
4:32 of 1st period - Thomas Novak wins face-off versus Tom Wilson in Edmonton Oilers zone.
4:32 of 1st period - Thomas Novak is hit by Ryan Pulock.
4:36 of 1st period - Shot by Pius Suter.
4:36 of 1st period - Stopped by Andrei Vasilevskiy with a rebound.
5:01 of 1st period - Shot by Brayden Point.
5:01 of 1st period - Shot Misses the Net.
5:18 of 1st period - Icing by Erik Brannstrom.
5:19 of 1st period - Ryan McLeod wins face-off versus Thomas Novak in Vancouver Canucks zone.
6:39 of 1st period - Shot by Gabriel Vilardi.
6:39 of 1st period - Stopped by Jacob Markstrom without a rebound.
6:40 of 1st period - Bo Horvat wins face-off versus Connor McDavid in Vancouver Canucks zone.
7:12 of 1st period - Shot by Connor McDavid.
7:12 of 1st period - Shot Misses the Net.
7:21 of 1st period - Off-side.
7:22 of 1st period - Wyatt Johnston wins face-off versus Gabriel Vilardi in neutral zone.
7:22 of 1st period - Elias Pettersson is hit by Nick Foligno and loses puck.
7:32 of 1st period - Shot by Brock Boeser.
7:32 of 1st period - Shot Blocked by Zach Werenski.
7:42 of 1st period - Shot by Gabriel Vilardi.
7:42 of 1st period - Goal by Gabriel Vilardi - Vancouver Canucks : 0 - Edmonton Oilers : 1.
7:43 of 1st period - Ryan McLeod wins face-off versus Phillip Di Giuseppe in neutral zone.
7:45 of 1st period - Minor Penalty to Oliver Ekman-Larsson for Hooking.
7:46 of 1st period - Connor McDavid wins face-off versus David Kampf in Vancouver Canucks zone.
7:49 of 1st period - Shot by Ryan Nugent-Hopkins.
7:49 of 1st period - Shot Misses the Net.
8:11 of 1st period - Shot by Bo Horvat.
8:11 of 1st period - Stopped by Andrei Vasilevskiy without a rebound.
8:12 of 1st period - Gabriel Vilardi wins face-off versus David Kampf in Edmonton Oilers zone.
9:04 of 1st period - Shot by Zach Werenski.
9:04 of 1st period - Shot Misses the Net.
9:26 of 1st period - Shot by Brayden Point.
9:26 of 1st period - Shot Misses the Net.
9:28 of 1st period - Shot by Zach Werenski.
9:28 of 1st period - Shot Blocked by Brock Boeser.
9:38 of 1st period - Shot by John Carlson.
9:38 of 1st period - Stopped by Jacob Markstrom without a rebound.
9:39 of 1st period - Gabriel Vilardi wins face-off versus David Kampf in Vancouver Canucks zone.
9:44 of 1st period - Shot by Tom Wilson.
9:44 of 1st period - Shot Blocked by Cale Makar.
9:46 of 1st period - Shot by Joel Armia.
9:46 of 1st period - Shot Blocked by Oliver Ekman-Larsson.
10:12 of 1st period - Shot by Joel Armia.
10:12 of 1st period - Shot Blocked by Oliver Ekman-Larsson.
10:14 of 1st period - Shot by Cody Ceci.
10:14 of 1st period - Stopped by Jacob Markstrom without a rebound.
10:15 of 1st period - Wyatt Johnston wins face-off versus Alexander Kerfoot in Vancouver Canucks zone.
10:56 of 1st period - Shot by Gabriel Vilardi.
10:56 of 1st period - Stopped by Jacob Markstrom without a rebound.
10:57 of 1st period - Connor McDavid wins face-off versus Bo Horvat in Vancouver Canucks zone.
12:07 of 1st period - Shot by Ryan Nugent-Hopkins.
12:07 of 1st period - Shot Misses the Net.
12:30 of 1st period - Icing by Ryan Pulock.
12:31 of 1st period - Wyatt Johnston wins face-off versus Gabriel Vilardi in Edmonton Oilers zone.
12:35 of 1st period - Icing by Nick Foligno.
12:36 of 1st period - Wyatt Johnston wins face-off versus Gabriel Vilardi in Edmonton Oilers zone.
12:36 of 1st period - Cale Makar is hit by Ryan Pulock and loses puck.
12:53 of 1st period - Shot by Elias Pettersson.
12:53 of 1st period - Stopped by Andrei Vasilevskiy with a rebound.
13:44 of 1st period - Shot by Bo Horvat.
13:44 of 1st period - Stopped by Andrei Vasilevskiy without a rebound.
13:45 of 1st period - Connor McDavid wins face-off versus David Kampf in Edmonton Oilers zone.
13:49 of 1st period - Off-side.
13:50 of 1st period - Connor McDavid wins face-off versus David Kampf in neutral zone.
13:50 of 1st period - Tom Wilson is hit by Phillip Di Giuseppe and loses puck.
14:03 of 1st period - Shot by Brayden Point.
14:03 of 1st period - Stopped by Jacob Markstrom without a rebound.
14:04 of 1st period - Wyatt Johnston wins face-off versus Jordan Eberle in Vancouver Canucks zone.
14:23 of 1st period - Shot by Alexander Kerfoot.
14:23 of 1st period - Deflect By Craig Smith.
14:23 of 1st period - Stopped by Jacob Markstrom without a rebound.
14:24 of 1st period - Bo Horvat wins face-off versus Connor McDavid in Vancouver Canucks zone.
14:29 of 1st period - Shot by Brayden Point.
14:29 of 1st period - Stopped by Jacob Markstrom without a rebound.
14:30 of 1st period - Connor McDavid wins face-off versus Bo Horvat in Vancouver Canucks zone.
14:50 of 1st period - Shot by Brayden Point.
14:50 of 1st period - Shot Misses the Net.
15:04 of 1st period - Shot by Brayden Point.
15:04 of 1st period - Shot Misses the Net.
15:19 of 1st period - Icing by Nate Schmidt.
15:20 of 1st period - Matthew Knies wins face-off versus Gabriel Vilardi in Vancouver Canucks zone.
15:52 of 1st period - Shot by Gabriel Vilardi.
15:52 of 1st period - Stopped by Jacob Markstrom with a rebound.
16:30 of 1st period - Icing by Nick Foligno.
16:31 of 1st period - Gabriel Vilardi wins face-off versus Wyatt Johnston in Edmonton Oilers zone.
16:50 of 1st period - Shot by Elias Pettersson.
16:50 of 1st period - Shot Misses the Net.
16:52 of 1st period - Shot by Erik Brannstrom.
16:52 of 1st period - Stopped by Andrei Vasilevskiy without a rebound.
16:53 of 1st period - Thomas Novak wins face-off versus Connor McDavid in Edmonton Oilers zone.
16:54 of 1st period - Shot by Cale Makar.
16:54 of 1st period - Stopped by Andrei Vasilevskiy with a rebound.
16:56 of 1st period - Shot by Cale Makar.
16:56 of 1st period - Shot Blocked by Zach Werenski.
16:58 of 1st period - Shot by Pius Suter.
16:58 of 1st period - Shot Blocked by Zach Werenski.
17:00 of 1st period - Shot by Vasily Podkolzin.
17:00 of 1st period - Shot Misses the Net.
17:02 of 1st period - Shot by Cale Makar.
17:02 of 1st period - Stopped by Andrei Vasilevskiy with a rebound.
17:18 of 1st period - Shot by Thomas Novak.
17:18 of 1st period - Stopped by Andrei Vasilevskiy without a rebound.
17:19 of 1st period - Wyatt Johnston wins face-off versus Ryan McLeod in Edmonton Oilers zone.
17:20 of 1st period - Shot by Brock Boeser.
17:20 of 1st period - Shot Misses the Net.
18:07 of 1st period - Shot by Jordan Eberle.
18:07 of 1st period - Shot Misses the Net.
18:59 of 1st period - Shot by David Kampf.
18:59 of 1st period - Stopped by Andrei Vasilevskiy without a rebound.
19:00 of 1st period - Connor McDavid wins face-off versus Bo Horvat in Edmonton Oilers zone.
19:19 of 1st period - Shot by Bo Horvat.
19:19 of 1st period - Shot Misses the Net.
19:25 of 1st period - Shot by Brayden Point.
19:25 of 1st period - Stopped by Jacob Markstrom without a rebound.
19:26 of 1st period - Gabriel Vilardi wins face-off versus Thomas Novak in Vancouver Canucks zone.
19:40 of 1st period - Icing by Oliver Ekman-Larsson.
19:41 of 1st period - Thomas Novak wins face-off versus Ryan McLeod in Vancouver Canucks zone.
19:51 of 1st period - Joel Armia is hit by Oliver Ekman-Larsson.
19:58 of 1st period - Marcus Foligno is hit by Nate Schmidt.
Goals for this period are 0 for Vancouver Canucks vs 1 for Edmonton Oilers.
Shots for this period are 12 for Vancouver Canucks vs 12 for Edmonton Oilers.

2nd period


0:01 of 2nd period - David Kampf wins face-off versus Connor McDavid in neutral zone.
0:04 of 2nd period - Shot by Cale Makar.
0:04 of 2nd period - Stopped by Andrei Vasilevskiy without a rebound.
0:05 of 2nd period - Connor McDavid wins face-off versus David Kampf in Edmonton Oilers zone.
0:32 of 2nd period - Shot by Tom Wilson.
0:32 of 2nd period - Goal by Tom Wilson - Vancouver Canucks : 0 - Edmonton Oilers : 2.
0:33 of 2nd period - Gabriel Vilardi wins face-off versus Bo Horvat in neutral zone.
0:48 of 2nd period - Shot by Casey Mittelstadt.
0:48 of 2nd period - Stopped by Andrei Vasilevskiy without a rebound.
0:49 of 2nd period - Wyatt Johnston wins face-off versus Ryan McLeod in Edmonton Oilers zone.
1:04 of 2nd period - Shot by Elias Pettersson.
1:04 of 2nd period - Shot Misses the Net.
1:20 of 2nd period - Shot by Brock Boeser.
1:20 of 2nd period - Shot Misses the Net.
1:26 of 2nd period - Wyatt Johnston is hit by Marcus Foligno and loses puck.
1:51 of 2nd period - Shot by Connor McDavid.
1:51 of 2nd period - Stopped by Jacob Markstrom without a rebound.
1:52 of 2nd period - Gabriel Vilardi wins face-off versus Bo Horvat in Vancouver Canucks zone.
2:07 of 2nd period - Shot by Ryan Nugent-Hopkins.
2:07 of 2nd period - Stopped by Jacob Markstrom without a rebound.
2:08 of 2nd period - Connor McDavid wins face-off versus David Kampf in Vancouver Canucks zone.
2:27 of 2nd period - Shot by Connor McDavid.
2:27 of 2nd period - Stopped by Jacob Markstrom with a rebound.
2:44 of 2nd period - Shot by Tom Wilson.
2:44 of 2nd period - Stopped by Jacob Markstrom without a rebound.
2:45 of 2nd period - Ryan Nugent-Hopkins wins face-off versus Bo Horvat in Vancouver Canucks zone.
3:01 of 2nd period - Ryan Nugent-Hopkins is hit by Chris Tanev and loses puck.
3:15 of 2nd period - Ryan Nugent-Hopkins is hit by Chris Tanev.
3:22 of 2nd period - Bo Horvat is hit by Zach Werenski.
3:29 of 2nd period - Minor Penalty to Chris Tanev for Roughing.
3:30 of 2nd period - Bo Horvat wins face-off versus Connor McDavid in Vancouver Canucks zone.
3:53 of 2nd period - Shot by Connor McDavid.
3:53 of 2nd period - Stopped by Jacob Markstrom without a rebound.
3:54 of 2nd period - David Kampf wins face-off versus Gabriel Vilardi in Vancouver Canucks zone.
4:03 of 2nd period - Shot by Zach Werenski.
4:03 of 2nd period - Stopped by Jacob Markstrom without a rebound.
4:04 of 2nd period - Gabriel Vilardi wins face-off versus David Kampf in Vancouver Canucks zone.
4:15 of 2nd period - Shot by Zach Werenski.
4:15 of 2nd period - Shot Misses the Net.
4:19 of 2nd period - Shot by Zach Werenski.
4:19 of 2nd period - Shot Blocked by Cale Makar.
5:24 of 2nd period - Shot by Ryan Nugent-Hopkins.
5:24 of 2nd period - Shot Misses the Net.
5:49 of 2nd period - Icing by Nate Schmidt.
5:50 of 2nd period - Wyatt Johnston wins face-off versus Alexander Kerfoot in Vancouver Canucks zone.
5:54 of 2nd period - Brock Boeser is hit by Craig Smith and loses puck.
6:14 of 2nd period - Shot by Connor McDavid.
6:14 of 2nd period - Stopped by Jacob Markstrom without a rebound.
6:15 of 2nd period - Ryan McLeod wins face-off versus Bo Horvat in Vancouver Canucks zone.
6:26 of 2nd period - Shot by Ryan McLeod.
6:26 of 2nd period - Shot Misses the Net.
6:28 of 2nd period - Shot by Ryan McLeod.
6:28 of 2nd period - Deflect By Marcus Foligno.
6:28 of 2nd period - Stopped by Jacob Markstrom without a rebound.
6:29 of 2nd period - Connor McDavid wins face-off versus Thomas Novak in Vancouver Canucks zone.
6:34 of 2nd period - Shot by Connor McDavid.
6:34 of 2nd period - Shot Misses the Net.
7:26 of 2nd period - Shot by Alexander Kerfoot.
7:26 of 2nd period - Stopped by Jacob Markstrom without a rebound.
7:27 of 2nd period - Gabriel Vilardi wins face-off versus Bo Horvat in Vancouver Canucks zone.
7:56 of 2nd period - Shot by Bo Horvat.
7:56 of 2nd period - Shot Misses the Net.
8:08 of 2nd period - Icing by Travis Hamonic.
8:09 of 2nd period - Ryan McLeod wins face-off versus Matthew Knies in Vancouver Canucks zone.
8:57 of 2nd period - Shot by Connor McDavid.
8:57 of 2nd period - Stopped by Jacob Markstrom without a rebound.
8:58 of 2nd period - Jordan Eberle wins face-off versus Wyatt Johnston in Vancouver Canucks zone.
9:45 of 2nd period - Connor McDavid is hit by Elias Pettersson and loses puck.
9:58 of 2nd period - Shot by Connor McDavid.
9:58 of 2nd period - Stopped by Jacob Markstrom without a rebound.
9:59 of 2nd period - David Kampf wins face-off versus Gabriel Vilardi in Vancouver Canucks zone.
10:56 of 2nd period - Connor McDavid is hit by Vasily Podkolzin and loses puck.
11:15 of 2nd period - Shot by Pius Suter.
11:15 of 2nd period - Stopped by Andrei Vasilevskiy without a rebound.
11:16 of 2nd period - Bo Horvat wins face-off versus Ryan McLeod in Edmonton Oilers zone.
11:17 of 2nd period - Shot by Matthew Knies.
11:17 of 2nd period - Deflect By Bo Horvat.
11:17 of 2nd period - Shot Blocked by Ryan Pulock.
11:19 of 2nd period - Shot by Oliver Ekman-Larsson.
11:19 of 2nd period - Stopped by Andrei Vasilevskiy with a rebound.
11:21 of 2nd period - Shot by Bo Horvat.
11:21 of 2nd period - Shot Misses the Net.
11:37 of 2nd period - Shot by Bo Horvat.
11:37 of 2nd period - Shot Hit the Post.
11:39 of 2nd period - Shot by Casey Mittelstadt.
11:39 of 2nd period - Goal by Casey Mittelstadt - Vancouver Canucks : 1 - Edmonton Oilers : 2.
11:40 of 2nd period - Wyatt Johnston wins face-off versus Alexander Kerfoot in neutral zone.
12:03 of 2nd period - Shot by Brock Boeser.
12:03 of 2nd period - Shot Misses the Net.
12:37 of 2nd period - Shot by Pius Suter.
12:37 of 2nd period - Shot Blocked by Evan Bouchard.
12:55 of 2nd period - Shot by Bo Horvat.
12:55 of 2nd period - Shot Misses the Net.
13:27 of 2nd period - Shot by Cody Ceci.
13:27 of 2nd period - Deflect By Ryan Nugent-Hopkins.
13:27 of 2nd period - Shot Misses the Net.
13:29 of 2nd period - Shot by Zach Werenski.
13:29 of 2nd period - Stopped by Jacob Markstrom without a rebound.
13:30 of 2nd period - Ryan McLeod wins face-off versus Wyatt Johnston in Vancouver Canucks zone.
13:39 of 2nd period - Shot by Joel Armia.
13:39 of 2nd period - Shot Blocked by Nate Schmidt.
13:53 of 2nd period - Shot by Elias Pettersson.
13:53 of 2nd period - Stopped by Andrei Vasilevskiy without a rebound.
13:54 of 2nd period - Gabriel Vilardi wins face-off versus David Kampf in Edmonton Oilers zone.
14:13 of 2nd period - Shot by Gabriel Vilardi.
14:13 of 2nd period - Stopped by Jacob Markstrom without a rebound.
14:14 of 2nd period - Alexander Kerfoot wins face-off versus Thomas Novak in Vancouver Canucks zone.
14:23 of 2nd period - Shot by Alexander Kerfoot.
14:23 of 2nd period - Shot Misses the Net.
14:52 of 2nd period - Vasily Podkolzin is hit by Tom Wilson and loses puck.
14:57 of 2nd period - Shot by Tom Wilson.
14:57 of 2nd period - Deflect By Brayden Point.
14:57 of 2nd period - Stopped by Jacob Markstrom without a rebound.
14:58 of 2nd period - Ryan McLeod wins face-off versus Wyatt Johnston in Vancouver Canucks zone.
15:53 of 2nd period - Shot by Connor McDavid.
15:53 of 2nd period - Shot Misses the Net.
16:25 of 2nd period - Shot by Mason Appleton.
16:25 of 2nd period - Shot Misses the Net.
16:27 of 2nd period - Shot by Mason Appleton.
16:27 of 2nd period - Shot Misses the Net.
16:45 of 2nd period - Icing by John Carlson.
16:46 of 2nd period - Thomas Novak wins face-off versus Connor McDavid in Edmonton Oilers zone.
16:51 of 2nd period - Shot by Pius Suter.
16:51 of 2nd period - Stopped by Andrei Vasilevskiy without a rebound.
16:52 of 2nd period - Gabriel Vilardi wins face-off versus Thomas Novak in Edmonton Oilers zone.
17:01 of 2nd period - Shot by Nick Foligno.
17:01 of 2nd period - Shot Misses the Net.
17:13 of 2nd period - Shot by Pius Suter.
17:13 of 2nd period - Stopped by Andrei Vasilevskiy without a rebound.
17:14 of 2nd period - Ryan McLeod wins face-off versus Wyatt Johnston in Edmonton Oilers zone.
18:12 of 2nd period - Off-side.
18:13 of 2nd period - Gabriel Vilardi wins face-off versus Thomas Novak in neutral zone.
18:13 of 2nd period - Ryan Nugent-Hopkins is hit by Vasily Podkolzin and loses puck.
18:21 of 2nd period - Off-side.
18:22 of 2nd period - Bo Horvat wins face-off versus Connor McDavid in neutral zone.
18:25 of 2nd period - Shot by Casey Mittelstadt.
18:25 of 2nd period - Stopped by Andrei Vasilevskiy without a rebound.
18:26 of 2nd period - Nick Foligno wins face-off versus David Kampf in Edmonton Oilers zone.
18:33 of 2nd period - Shot by Gabriel Vilardi.
18:33 of 2nd period - Stopped by Jacob Markstrom without a rebound.
18:34 of 2nd period - Thomas Novak wins face-off versus Connor McDavid in Vancouver Canucks zone.
18:54 of 2nd period - Shot by Pius Suter.
18:54 of 2nd period - Stopped by Andrei Vasilevskiy without a rebound.
18:55 of 2nd period - Gabriel Vilardi wins face-off versus Bo Horvat in Edmonton Oilers zone.
18:55 of 2nd period - Gabriel Vilardi is hit by Matthew Knies.
19:53 of 2nd period - Minor Penalty to Chris Tanev for Holding.
19:54 of 2nd period - David Kampf wins face-off versus Connor McDavid in Vancouver Canucks zone.
Goals for this period are 1 for Vancouver Canucks vs 1 for Edmonton Oilers.
Shots for this period are 10 for Vancouver Canucks vs 16 for Edmonton Oilers.

3rd period


0:01 of 3rd period - Connor McDavid wins face-off versus Bo Horvat in neutral zone.
0:18 of 3rd period - Shot by Zach Werenski.
0:18 of 3rd period - Shot Misses the Net.
1:48 of 3rd period - Shot by Zach Werenski.
1:48 of 3rd period - Shot Misses the Net.
1:56 of 3rd period - Shot by Connor McDavid.
1:56 of 3rd period - Shot Misses the Net.
1:58 of 3rd period - Shot by John Carlson.
1:58 of 3rd period - Shot Misses the Net.
2:00 of 3rd period - Shot by Dmitry Kulikov.
2:00 of 3rd period - Stopped by Jacob Markstrom without a rebound.
2:01 of 3rd period - Ryan McLeod wins face-off versus Wyatt Johnston in Vancouver Canucks zone.
2:01 of 3rd period - Cody Ceci is hit by Chris Tanev and loses puck.
2:20 of 3rd period - Zach Werenski is hit by Elias Pettersson and loses puck.
2:53 of 3rd period - Dmitry Kulikov is hit by Phillip Di Giuseppe and loses puck.
3:03 of 3rd period - John Carlson is hit by Nate Schmidt and loses puck.
3:31 of 3rd period - Alexander Kerfoot is hit by Erik Brannstrom.
3:35 of 3rd period - Shot by Jordan Eberle.
3:35 of 3rd period - Shot Blocked by Erik Brannstrom.
4:43 of 3rd period - Dmitry Kulikov is hit by Vasily Podkolzin and loses puck.
4:54 of 3rd period - Shot by Ryan Nugent-Hopkins.
4:54 of 3rd period - Goal by Ryan Nugent-Hopkins - Vancouver Canucks : 1 - Edmonton Oilers : 3.
4:55 of 3rd period - Wyatt Johnston wins face-off versus Joel Armia in neutral zone.
4:58 of 3rd period - Shot by Brock Boeser.
4:58 of 3rd period - Deflect By Wyatt Johnston.
4:58 of 3rd period - Shot Blocked by Evan Bouchard.
5:00 of 3rd period - Shot by Elias Pettersson.
5:00 of 3rd period - Stopped by Andrei Vasilevskiy without a rebound.
5:01 of 3rd period - Alexander Kerfoot wins face-off versus Elias Pettersson in Edmonton Oilers zone.
5:13 of 3rd period - Craig Smith is hit by Oliver Ekman-Larsson and loses puck.
5:16 of 3rd period - Shot by Craig Smith.
5:16 of 3rd period - Stopped by Jacob Markstrom with a rebound.
5:20 of 3rd period - Shot by Jordan Eberle.
5:20 of 3rd period - Shot Misses the Net.
5:24 of 3rd period - Shot by Alexander Kerfoot.
5:24 of 3rd period - Deflect By Craig Smith.
5:24 of 3rd period - Stopped by Jacob Markstrom without a rebound.
5:25 of 3rd period - Bo Horvat wins face-off versus Connor McDavid in Vancouver Canucks zone.
6:17 of 3rd period - Icing by Dmitry Kulikov.
6:18 of 3rd period - Connor McDavid wins face-off versus Thomas Novak in Edmonton Oilers zone.
9:17 of 3rd period - Ryan Nugent-Hopkins is hit by Travis Hamonic and loses puck.
9:28 of 3rd period - Shot by Nick Foligno.
9:28 of 3rd period - Shot Misses the Net.
10:29 of 3rd period - Shot by Brayden Point.
10:29 of 3rd period - Stopped by Jacob Markstrom without a rebound.
10:30 of 3rd period - Bo Horvat wins face-off versus Alexander Kerfoot in Vancouver Canucks zone.
10:34 of 3rd period - Off-side.
10:35 of 3rd period - Alexander Kerfoot wins face-off versus Bo Horvat in neutral zone.
11:20 of 3rd period - Icing by Nate Schmidt.
11:21 of 3rd period - Bo Horvat wins face-off versus Connor McDavid in Vancouver Canucks zone.
11:21 of 3rd period - Bo Horvat is hit by Tom Wilson.
11:51 of 3rd period - Shot by Tom Wilson.
11:51 of 3rd period - Stopped by Jacob Markstrom without a rebound.
11:52 of 3rd period - Wyatt Johnston wins face-off versus Gabriel Vilardi in Vancouver Canucks zone.
11:59 of 3rd period - Shot by Brock Boeser.
11:59 of 3rd period - Stopped by Andrei Vasilevskiy without a rebound.
12:00 of 3rd period - Wyatt Johnston wins face-off versus Ryan McLeod in Edmonton Oilers zone.
12:01 of 3rd period - Shot by Elias Pettersson.
12:01 of 3rd period - Stopped by Andrei Vasilevskiy without a rebound.
12:02 of 3rd period - Gabriel Vilardi wins face-off versus Wyatt Johnston in Edmonton Oilers zone.
12:31 of 3rd period - Shot by Wyatt Johnston.
12:31 of 3rd period - Shot Misses the Net.
12:43 of 3rd period - Shot by Pius Suter.
12:43 of 3rd period - Shot Misses the Net.
12:45 of 3rd period - Shot by Vasily Podkolzin.
12:45 of 3rd period - Shot Misses the Net.
12:47 of 3rd period - Shot by Pius Suter.
12:47 of 3rd period - Goal by Pius Suter - Vancouver Canucks : 2 - Edmonton Oilers : 3.
12:48 of 3rd period - David Kampf wins face-off versus Tom Wilson in neutral zone.
12:53 of 3rd period - Shot by Mason Appleton.
12:53 of 3rd period - Stopped by Andrei Vasilevskiy without a rebound.
12:54 of 3rd period - Connor McDavid wins face-off versus Bo Horvat in Edmonton Oilers zone.
12:56 of 3rd period - Icing by Zach Werenski.
12:57 of 3rd period - David Kampf wins face-off versus Connor McDavid in Edmonton Oilers zone.
13:11 of 3rd period - Nate Schmidt is hit by Zach Werenski and loses puck.
13:15 of 3rd period - Icing by Zach Werenski.
13:16 of 3rd period - Wyatt Johnston wins face-off versus Connor McDavid in Edmonton Oilers zone.
13:17 of 3rd period - Shot by Brock Boeser.
13:17 of 3rd period - Stopped by Andrei Vasilevskiy without a rebound.
13:18 of 3rd period - Wyatt Johnston wins face-off versus Ryan McLeod in Edmonton Oilers zone.
14:07 of 3rd period - Shot by Tom Wilson.
14:07 of 3rd period - Stopped by Jacob Markstrom without a rebound.
14:08 of 3rd period - Gabriel Vilardi wins face-off versus Matthew Knies in Vancouver Canucks zone.
14:09 of 3rd period - Shot by Nick Foligno.
14:09 of 3rd period - Stopped by Jacob Markstrom without a rebound.
14:10 of 3rd period - Connor McDavid wins face-off versus Bo Horvat in Vancouver Canucks zone.
14:27 of 3rd period - Shot by Bo Horvat.
14:27 of 3rd period - Stopped by Andrei Vasilevskiy without a rebound.
14:28 of 3rd period - Gabriel Vilardi wins face-off versus Thomas Novak in Edmonton Oilers zone.
14:28 of 3rd period - Gabriel Vilardi is hit by Vasily Podkolzin.
14:38 of 3rd period - Shot by Pius Suter.
14:38 of 3rd period - Shot Misses the Net.
14:51 of 3rd period - Icing by Evan Bouchard.
14:52 of 3rd period - Bo Horvat wins face-off versus Nick Foligno in Edmonton Oilers zone.
15:01 of 3rd period - Icing by Gabriel Vilardi.
15:02 of 3rd period - Nick Foligno wins face-off versus Wyatt Johnston in Edmonton Oilers zone.
15:24 of 3rd period - Shot by Elias Pettersson.
15:24 of 3rd period - Shot Blocked by Evan Bouchard.
15:26 of 3rd period - Shot by Brock Boeser.
15:26 of 3rd period - Stopped by Andrei Vasilevskiy with a rebound.
15:28 of 3rd period - Shot by Brock Boeser.
15:28 of 3rd period - Shot Misses the Net.
15:30 of 3rd period - Shot by Elias Pettersson.
15:30 of 3rd period - Deflect By Brock Boeser.
15:30 of 3rd period - Stopped by Andrei Vasilevskiy without a rebound.
15:31 of 3rd period - Bo Horvat wins face-off versus Ryan McLeod in Edmonton Oilers zone.
16:18 of 3rd period - David Kampf is hit by Marcus Foligno and loses puck.
17:59 of 3rd period - Icing by Elias Pettersson.
18:00 of 3rd period - Gabriel Vilardi wins face-off versus Wyatt Johnston in Vancouver Canucks zone.
18:05 of 3rd period - Shot by Ryan Nugent-Hopkins.
18:05 of 3rd period - Stopped by Jacob Markstrom without a rebound.
18:06 of 3rd period - Bo Horvat wins face-off versus Gabriel Vilardi in Vancouver Canucks zone.
18:18 of 3rd period - Icing by John Carlson.
18:19 of 3rd period - Wyatt Johnston wins face-off versus Gabriel Vilardi in Edmonton Oilers zone.
18:20 of 3rd period - Shot by Elias Pettersson.
18:20 of 3rd period - Shot Misses the Net.
19:08 of 3rd period - Shot by Tom Wilson.
19:08 of 3rd period - Stopped by Jacob Markstrom without a rebound.
19:09 of 3rd period - Bo Horvat wins face-off versus Ryan Nugent-Hopkins in Vancouver Canucks zone.
19:16 of 3rd period - Vancouver Canucks, Jacob Markstrom is pulled from the net.
19:24 of 3rd period - Shot by Bo Horvat.
19:24 of 3rd period - Shot Blocked by Evan Bouchard.
Goals for this period are 1 for Vancouver Canucks vs 1 for Edmonton Oilers.
Shots for this period are 9 for Vancouver Canucks vs 10 for Edmonton Oilers.